cohdb
Replays
Latest Replays
All Replays
Popular Replays
Top Player Replays
Match Explorer
How It Works
Community
CoH3 Stats
Reddit
Sign in to upload your games and track your stats! →
Sign in with Steam
Match 43594045
Unlisted
Match 43594045
Overview
Messages
Build Orders
End
Construct Section Command Post
Vickers Machine Gun Team
Infantry Section
Infantry Section
Infantry Section
Construct Platoon Command Post
Unlock M3 Stuart Light Tanks
M3 Stuart Light Tank
Construct Field Infirmary
Grenade Package
6-pounder Anti-tank Gun Team
Selects Indian Artillery Battlegroup
Selects Valour
Selects Gurkha Rifles Section
Selects Artillery Saturation
Selects Off-map Airburst Barrage
Gurkha Rifles Section
Construct Company Command Post
AI Takeover
[DOOD] Big Homie Pipe Down
Joker
khon
Max Emotional Damage
simranjitsingh713
u_i_o_l
0
0
Comments
sign in to comment!
No comments posted yet!